 Dungeon Crawl Stone Soup version 0.23.1 (webtiles) character file.

Game seed: 6356626704129922601

6 Norn the Charmwright (level 1, -2/17 HPs)
             Began as a Merfolk Skald on Mar 8, 2019.
             Slain by a hobgoblin (4 damage)
             ... on level 1 of the Dungeon.
             The game lasted 00:01:07 (180 turns).

Norn the Charmwright (Merfolk Skald)                 Turns: 180, Time: 00:01:07

Health: -2/17      AC:  3    Str: 11    XL:     1   Next: 90%
Magic:  1/3        EV: 12    Int: 12    God:
Gold:   0          SH:  0    Dex: 13    Spells: 3/4 levels left

rFire    . . .     SeeInvis .   a - +0 spear
rCold    . . .     Gourm    .   (no shield)
rNeg     . . .     Faith    .   b - +0 leather armour
rPois    .         Spirit   .   (no helmet)
rElec    .         Reflect  .   (no cloak)
rCorr    .         Harm     .   (no gloves)
MR       .....                  (no boots)
Stlth    +.........             (no amulet)
HPRegen  0.05/turn              (no ring)
MPRegen  0.08/turn              (no ring)

@: no status effects
A: change form in water, swift swim, stealthy swim
a: no special abilities


You were on level 1 of the Dungeon.
You were not hungry.

You visited 1 branch of the dungeon, and saw 1 of its levels.

Inventory:

Hand Weapons
 a - a +0 spear (weapon)
Armour
 b - a +0 leather armour (worn)
Comestibles
 e - a ration {!d}


   Skills:
 + Level 2.3 Fighting
 * Level 3.3 Polearms
 - Level 0.6 Armour
 + Level 2.8 Dodging
 - Level 2.0 Spellcasting
 + Level 3.3 Charms


You had 3 spell levels left.
You knew the following spells:

 Your Spells              Type           Power        Failure   Level  Hunger
a - Infusion              Chrm           #...         9%          1    ##.....

Your spell library contained the following spells:

 Spells                   Type           Power        Failure   Level  Hunger
 Song of Slaying          Chrm           #.......     14%         2    ###....
 Shroud of Golubria       Chrm/Tloc      #.........   26%         2    ###....
 Regeneration             Chrm/Necr      #.........   47%         3    ####...
 Spectral Weapon          Hex/Chrm       #.......     47%         3    ####...


Dungeon Overview and Level Annotations

Branches:
Dungeon (1/15)

Altars:


Message History

No target in view!
You start resting.
A goblin opens the door.
A goblin is nearby!
The goblin shouts!
You hear a shout!
You see here a stone.
You hit the goblin.
You kill the goblin!
A hobgoblin comes into view. It is wielding a +0 club.
There is an open door here.
Things that are here:
16 gold pieces; a goblin corpse A hobgoblin comes into view.
Your magical infusion is running out.
You barely miss the hobgoblin. You hit the hobgoblin.
The hobgoblin hits you but does no damage.
The hobgoblin barely misses you. The hobgoblin misses you.
You hit the hobgoblin but do no damage. The hobgoblin completely misses you.
A bat comes into view.
The hobgoblin closely misses you.
You barely miss the hobgoblin. The hobgoblin hits you.
* * * LOW HITPOINT WARNING * * *
The hobgoblin hits you with a +0 club.
* * * LOW HITPOINT WARNING * * *
You are no longer magically infusing your attacks.
There is an open door here.
Things that are here:
16 gold pieces; a goblin corpse You see here a stone.
You see here a stone.
The bat hits you but does no damage.
You barely miss the bat. The bat barely misses you.
The bat hits you but does no damage.
You hit the bat. The bat hits you but does no damage.
Something unseen opens the door.
You hit the hobgoblin but do no damage. The hobgoblin hits you with a +0 club.
* * * LOW HITPOINT WARNING * * *
The kobold shouts!
You hit the hobgoblin.
You kill the hobgoblin!
The bat completely misses you. The bat hits you but does no damage.
A giant cockroach comes into view.
The bat misses you. The bat hits you but does no damage.
The bat hits you but does no damage. The bat hits you but does no damage.
The bat closely misses you. The bat closely misses you. The hobgoblin hits you.
You die...

'..<..#.........
#.K...#..........#
###†###..........#
#...K(..........#
#(((.)#.........#
###$###..........#
#.....##..........
..'...'.....##.g........
..#...#.....##..@.......
#...#########.b>...###
.... #.###..# #.... #.#
.# #... #s# # #... #..
... ##.


You could see a giant cockroach, a hobgoblin, a bat and a kobold.

Vanquished Creatures
  A goblin (D:1)
  A hobgoblin (D:1)
  A frilled lizard (D:1)
  2 kobolds (D:1)
  2 rats (D:1)
7 creatures vanquished.

Notes
Turn   | Place    | Note
-------+----------+-------------------------------------------
     0 | D:1      | Norn the Merfolk Skald began the quest for the Orb.
     0 | D:1      | Reached XP level 1. HP: 16/16 MP: 3/3
   180 | D:1      | Slain by a hobgoblin

Action                   || total
-------------------------++-------
Melee: Spear             ||    32
 Cast: Infusion          ||     1
Armor: Leather armour    ||    10
Dodge: Dodged            ||    26
